 Dungeon Crawl Stone Soup version 0.20.1-1-g8b1a95d (webtiles) character file.

1364 Jazqa the Slasher (level 8, 0/73 HPs)
             Began as a Minotaur Gladiator on Oct 30, 2017.
             Was a Believer of Okawaru.
             Slain by an orc warrior
             ... wielding a +2 hand axe of pain
              (2 damage)
             ... on level 7 of the Dungeon.
             The game lasted 00:05:09 (4105 turns).

Jazqa the Slasher (Minotaur Gladiator)              Turns: 4105, Time: 00:05:09

Health: 0/73       AC: 11    Str: 21    XL:     8   Next: 38%
Magic:  8/9        EV: 15    Int:  5    God:    Okawaru [**....]
Gold:   159        SH:  0    Dex: 15    Spells: 7/7 levels left

rFire    . . .     SeeInvis .   a - +1 long sword
rCold    . . .     Gourm    .   (no shield)
rNeg     . . .     Faith    .   b - +0 leather armour
rPois    .         Spirit   .   c - +1 hat
rElec    .         Reflect  .   y - +2 cloak {+Inv}
rCorr    .         Harm     .   k - +0 pair of gloves
MR       .....                  (no boots)
Stlth    +.........             (no amulet)
Regen    0.3/turn               O - +3 ring of protection
MPRegen  0.2/turn               X - +3 ring of dexterity

@: hasted, very quick
A: retaliatory headbutt, horns 2
a: Heroism, Renounce Religion, Evoke Invisibility


You were on level 7 of the Dungeon.
You worshipped Okawaru.
Okawaru was pleased with you.
You were not hungry.

You visited 2 branches of the dungeon, and saw 8 of its levels.

You collected 159 gold pieces.


Innate Abilities, Weirdness & Mutations

You reflexively headbutt those who attack you in melee.
You have a pair of horns on your head.


   Skills:
 + Level 7.6 Fighting
 + Level 7.7 Long Blades
 - Level 2.0 Throwing
 + Level 3.9 Armour
 + Level 5.1 Dodging
 + Level 3.1 Invocations


You had 7 spell levels left.
You didn't know any spells.

Inventory:

Hand Weapons
 a - a +1 long sword (weapon)
Missiles
 d - 3 throwing nets (quivered) {=f}
Armour
 b - a +0 leather armour (worn)
 c - a +1 hat (worn)
 k - a +0 pair of gloves (worn)
 y - a +2 cloak of invisibility (worn)
Jewellery
 O - a +3 ring of protection (left hand)
 X - a +3 ring of dexterity (right hand)
Wands
 u - a wand of disintegration (24/24)
 z - a wand of confusion (22/48)
Scrolls
 e - a scroll of amnesia
 o - a scroll of enchant armour
 p - a scroll of remove curse {@r2}
 s - a scroll of recharging
 t - a scroll of magic mapping
 v - a scroll of random uselessness {unknown}
Potions
 h - a potion of mutation {unknown}
 i - a potion of degeneration {unknown}
 j - 2 potions of brilliance
 m - a potion of flight {unknown}
 q - a potion of lignification {unknown}
 w - a potion of haste {@q3}
 x - a potion of heal wounds {unknown}
Comestibles
 f - 2 bread rations {@e1}
 g - 2 fruits {@e2}
 l - 2 chunks of flesh
 n - a meat ration {@e1}
 r - 2 royal jellies {@e3}

Dungeon Overview and Level Annotations

Branches:
Dungeon (7/15)             Temple (1/1) D:4

Altars:
Ashenzari
Cheibriados
Dithmenos
Elyvilon
Fedhas
Gozag
Nemelex Xobeh
Okawaru
Ru
Trog
Uskayaw
Vehumet
Zin
The Shining One

Portals:
Ossuary: D:7

.......
##.....##
#....s..#
#...S...#
.......##
#####.......
#..F.....#
#.....@..#
#.....o.......
..........##...
.........Z# .
o.........#
..s...?....
............
...∩.........


You could see an orc warrior, a bullfrog, a scorpion, an adder, an orc, a giant
cockroach and a hound skeleton.


Message History

* * * LOW HITPOINT WARNING * * *
You barely miss the orc warrior. Your headbutt misses the orc warrior.
You punch the orc warrior.
The orc warrior is moderately wounded.
The orc warrior hits you with a hand axe of pain.
* * * LOW HITPOINT WARNING * * *
An orc priest comes into view. It is wielding a short sword.
Unknown command.
Okay, then.
The orc priest mumbles some strange prayers to Beogh against you.
Beogh smites you!
* * * LOW HITPOINT WARNING * * *
There is a stone staircase leading down, spattered with blood here.
Items here: ) [ †† a club; a scale mail; a hound corpse; an orc corpse Unknown command.
The orc warrior closely misses you. You furiously retaliate!
You headbutt the orc warrior.
You climb downwards.
You hear the hiss of flowing sand.
There is an entrance to an ossuary on this level.
Hurry and find it before the portal is buried!
An adder, a bullfrog, a giant cockroach, a scorpion, an orc and a skeleton come into view.
You feel like a meek peon again.
The orc shouts!
Found a scroll of teleportation.
Found a sand-covered staircase.
There is a stone staircase leading up here.
It was a potion of haste.
You feel yourself speed up.
The adder hisses angrily.
The orc warrior hits you with a hand axe of pain.
You die...

Skill      XL: |  1  2  3  4  5  6  7  8 |
---------------+-------------------------+-----
Long Blades    | 4 5 6 7 |  7.7
Fighting       | 3 4 5 6 7 |  7.6
Armour         | 2 3 |  3.9
Dodging        | 4 5 |  5.1
Invocations    | 1 2 3 |  3.1
Throwing       | |  2.0

Action                   |  1- 3 |  4- 6 |  7- 9 || total
-------------------------+-------+-------+-------++-------
Melee: Long sword        |    70 |   122 |    44 ||   236
       Headbutt          |     7 |    29 |    17 ||    53
       Punch             |       |       |     1 ||     1
Invok: Heroism           |       |       |     1 ||     1
  Use: Scroll            |       |    10 |       ||    10
       Potion            |       |     1 |     1 ||     2
 Stab: Sleeping          |       |       |     1 ||     1
  Eat: Chunk             |     3 |     5 |     2 ||    10
Armor: Leather armour    |    20 |    39 |     4 ||    63
Dodge: Dodged            |    50 |    64 |    43 ||   157
       Rpst.: Long sword |    15 |    22 |    18 ||    55

Vault maps used:
D:1:      lemuel_arrival_behind_the_door_small
D:3:      first_bread, hangedman_decor_growths, uniq_ijyb,
          uniq_crazy_yiuf_cottage
D:4:      old_standard_altar, overflow_temple_1_default, zin_academy,
          temple_hall, minmay_parallelograms, kennysheep_crisscross
D:5:      makhleb_blood_cavern_becter, lemuel_crystal_altar
D:6:      kennysheep_windowed_halls, kennysheep_little_box
D:7:      overflow_temple_1_default, nicolae_overflow_hidden_temple,
          lemuel_round_altar, basic_altar, enter_ossuary_3
Temple:   eino_temple_lava

Notes
Turn   | Place    | Note
-------+----------+-------------------------------------------
     0 | D:1      | Jazqa the Minotaur Gladiator began the quest for the Orb.
     0 | D:1      | Reached XP level 1. HP: 18/18 MP: 0/0
    97 | D:1      | Reached skill level 4 in Long Blades
    97 | D:1      | Reached XP level 2. HP: 25/25 MP: 1/1
   320 | D:1      | Reached skill level 3 in Fighting
   612 | D:2      | Reached XP level 3. HP: 19/31 MP: 2/2
  1648 | D:2      | Reached skill level 4 in Fighting
  1777 | D:2      | Reached XP level 4. HP: 40/40 MP: 3/3
  1972 | D:2      | Reached skill level 5 in Long Blades
  2378 | D:3      | Noticed Ijyb
  2389 | D:3      | Killed Ijyb
  2514 | D:3      | Reached skill level 5 in Fighting
  2514 | D:3      | Reached XP level 5. HP: 48/48 MP: 4/4
  2833 | D:3      | Found a runed door.
  2887 | D:3      | Noticed Crazy Yiuf
  2891 | D:3      | Killed Crazy Yiuf
  2891 | D:3      | Reached skill level 6 in Long Blades
  2943 | D:4      | Found a glowing silver altar of Zin.
  2970 | D:4      | Reached XP level 6. HP: 37/57 MP: 5/5
  3151 | D:4      | Found a staircase to the Ecumenical Temple.
  3192 | D:4      | Found a bloodstained altar of Trog.
  3229 | Temple   | Entered the Ecumenical Temple
  3271 | Temple   | Became a worshipper of Warmaster Okawaru
  3406 | D:4      | Reached skill level 6 in Fighting
  3586 | D:4      | Noticed Jazqa's ghost (novice BaFi)
  3620 | D:4      | Killed Jazqa's ghost
  3620 | D:4      | Reached * piety under Okawaru
  3620 | D:4      | Reached skill level 7 in Long Blades
  3620 | D:4      | Reached skill level 2 in Armour
  3620 | D:4      | Reached skill level 4 in Dodging
  3620 | D:4      | Reached skill level 1 in Invocations
  3620 | D:4      | Reached XP level 7. HP: 24/64 MP: 5/7
  3635 | D:4      | Reached skill level 2 in Invocations
  3673 | D:4      | Found a blossoming altar of Fedhas.
  3971 | D:5      | Entered Level 5 of the Dungeon
  3997 | D:5      | You fall through a shaft!
  4048 | D:6      | Found a hide-covered altar of Uskayaw.
  4066 | D:6      | Reached skill level 7 in Fighting
  4078 | D:6      | Reached skill level 3 in Armour
  4078 | D:6      | Reached XP level 8. HP: 66/73 MP: 8/8
  4092 | D:6      | Reached ** piety under Okawaru
  4092 | D:6      | Reached skill level 5 in Dodging
  4092 | D:6      | Reached skill level 3 in Invocations
  4102 | D:6      | HP: 1/73 [orc priest/divine providence (11)]
  4104 | D:7      | Found a sand-covered staircase.
  4105 | D:7      | Slain by an orc warrior

Vanquished Creatures
  The ghost of Jazqa the Skirmisher, a novice BaFi (D:4)
  3 ogres (D:6)
  2 phantoms
  A scorpion (D:6)
  A howler monkey (D:4)
  A bullfrog zombie (D:6)
  A jelly (D:6)
  3 hounds (D:6)
  An orc priest (D:3)
  Crazy Yiuf (D:3)
  Ijyb (D:3)
  4 orc wizards
  9 adders
  An adder skeleton (D:5)
  A worm (D:4)
  3 dart slugs
  4 leopard geckos
  17 orcs
  2 giant cockroaches
  9 goblins
  7 hobgoblins
  5 jackals (D:2)
  A quokka (D:6)
  3 ball pythons
  A ball python skeleton (D:4)
  4 bats
  4 frilled lizards
  6 kobolds
  6 rats
103 creatures vanquished.
